 Dungeon Crawl Stone Soup version 0.27.1-34-g3ba077fa99 (webtiles) character file.

Game seed: 11573920580333710960

3143 Destapler the Fighter (level 9, -10/81 HPs)
             Began as a Minotaur Fighter on Jan 4, 2022.
             Was an Elder of Cheibriados.
             Mangled by a red devil (23 damage)
             ... summoned by a kobold demonologist
             ... on level 7 of the Dungeon.
             The game lasted 00:18:56 (7131 turns).

Destapler the Fighter (Minotaur Fighter)            Turns: 7131, Time: 00:18:57

Health: -10/81     AC: -1    Str: 31    XL:     9   Next: 61%
Magic:  6/12       EV: 11    Int: 15    God:    Cheibriados [****..]
Gold:   342        SH: 12    Dex: 23    Spells: 8/8 levels left

rFire    . . .     SeeInvis .   i - +2 flail (protect)
rCold    . . .     Faith    .   c - +0 kite shield
rNeg     . . .     Spirit   .   b - +0 scale mail
rPois    .         Reflect  .   (helmet restricted)
rElec    .         Harm     .   (no cloak)
rCorr    .         Rampage  .   (no gloves)
Will     .....                  (no boots)
Stlth    +.........             q - amulet of regeneration
HPRegen  1.23/turn              (no ring)
MPRegen  0.13/turn              (no ring)

@: about to teleport, corroded, under a protective aura, very slow
A: horns 2, retaliatory headbutt
a: Renounce Religion, Bend Time, Temporal Distortion, Slouch


You were on level 7 of the Dungeon.
You worshipped Cheibriados.
Cheibriados was greatly pleased with you.
You visited 2 branches of the dungeon, and saw 8 of its levels.

You collected 342 gold pieces.

Inventory:

Hand Weapons
 a - a +0 long sword
 i - a +2 flail of protection (weapon)
 s - a +0 whip of electrocution
 z - a +4 dagger
Missiles
 d - 5 poisoned darts
 g - 5 boomerangs (quivered)
 u - 2 throwing nets
 y - 4 boomerangs of dispersal
Armour
 b - a +0 scale mail (worn)
 c - a +0 kite shield (worn)
Jewellery
 q - an amulet of regeneration (around neck)
Wands
 r - a wand of polymorph (7)
 w - a wand of charming (3)
Scrolls
 e - a scroll of noise {unknown}
 f - 2 scrolls of fog {unknown}
 k - 2 scrolls of teleportation
 m - a scroll of acquirement {unknown}
 n - 6 scrolls of identify {unknown}
 o - 2 scrolls of summoning {unknown}
 v - a scroll of blinking {unknown}
Potions
 h - a potion of degeneration
 j - 3 potions of haste
 l - a potion of mutation {unknown}
 p - 4 potions of flight
 t - a potion of curing
 x - a potion of resistance {unknown}


   Skills:
 - Level 8.0 Fighting
 - Level 6.0 Long Blades
 - Level 6.0 Throwing
 - Level 6.0 Armour
 - Level 4.0 Dodging
 - Level 2.0 Stealth
 - Level 6.0 Shields
 + Level 5.9 Invocations


You had 8 spell levels left.
You didn't know any spells.
Your spell library contained the following spells:

 Spells                   Type           Power      Damage    Failure   Level
 Freeze                   Ice            0%         1d3       86%         1
 Ensorcelled Hibernation  Hex/Ice        0%         N/A       94%         2
 Frozen Ramparts          Ice            0%         1d2       99%         3
 Spider Form              Tmut/Pois      0%         N/A       99%         3
 Summon Guardian Golem    Hex/Summ       0%         N/A       99%         3
 Hailstorm                Conj/Ice       0%         3d3       100%        4
 Shadow Creatures         Summ           N/A        N/A       100%        6
 Orb of Destruction       Conj           0%         N/A       100%        7
 Spellforged Servitor     Conj/Summ      0%         N/A       100%        7


Dungeon Overview and Level Annotations

Branches:
Dungeon (7/15)             Temple (1/1) D:6

Altars:
Ashenzari
Cheibriados
Dithmenos
Elyvilon
Fedhas
Gozag
Hepliaklqana
Makhleb
Nemelex Xobeh
Okawaru
Qazlal
Ru
Sif Muna
Trog
Vehumet
Wu Jian
Xom
Yredelemnul
Zin
The Shining One

Shops:
D:3 =   D:5 =   D:6 *

Annotations:
D:5 2 transporters, drbonez's ghost, amateur MiFi
D:6 2 runed translucent doors, kalagan's ghost, novice DECj


Innate Abilities, Weirdness & Mutations

You have a pair of horns on your head.
You reflexively headbutt those who attack you in melee.


Message History

You feel very sick.
The chaos spawn degenerates into a cloud of primal chaos!
You block the phantom's attack.
The kobold demonologist hits you with a +0 dagger!
The kobold brigand throws a poisoned dart.
The poisoned dart hits you!
You are more poisoned.
The kobold brigand barely misses you. You block the phantom's attack.
The kobold demonologist misses you.
You miss the kobold demonologist.
The kobold demonologist is severely wounded.
You feel very sick. You block the phantom's attack.
The kobold demonologist hits you with a +0 dagger.
* * * LOW HITPOINT WARNING * * *
The kobold brigand hits you from afar with a +0 trident!
* * * LOW HITPOINT WARNING * * *
As you read the scroll labelled KOSUHI ZUIPN, it crumbles to dust.
You feel strangely unstable.
It was a scroll of teleportation.
The sentinel's mark upon you fades away.
You feel sick. The phantom hits you!
* * * LOW HITPOINT WARNING * * *
The phantom blinks!
You blink.
You feel better.
The kobold brigand hits you with a +0 trident.
* * * LOW HITPOINT WARNING * * *
The phantom misses you. You furiously retaliate!
You headbutt the phantom, but do no damage.
The kobold demonologist casts a spell.
You hit the kobold demonologist but do no damage.
Your weapon exudes an aura of protection.
Your headbutt misses the kobold demonologist.
The kobold demonologist is severely wounded.
The kobold hits you with a +0 dagger.
* * * LOW HITPOINT WARNING * * *
You block the kobold brigand's attack.
The kobold demonologist closely misses you.
You block the phantom's attack.
The red devil hits you from afar with a +0 trident!!
You die...

#......................
#.K....................
#......................
#...........)..........
#...####..##.##..##...#
.##...####..##.##..##...#
.....).#.....#...........
.......#K)...# .....<....
......KK@K...# ...>(.....
.......#W....# ..........
###.####4##.## #...###...
# ####.####...#####+
#.........#....
#.........#....
#.........#....
#...<.....#....
#.####.##.####.


You could see a kobold demonologist, a red devil (summoned), a phantom, a kobold
brigand and 2 kobolds.

Vanquished Creatures
  Pikel (D:6)
  Grinder (D:3)
  Eustachio (D:6)
  Edmund (Temple)
  Duvessa (D:5)
  4 water moccasins
  An ice beast (Temple)
  A necrophage (D:5)
  An ogre (Temple)
  2 centaurs
  A phantom (D:5)
  2 lemures (D:6)
  2 scorpions
  Dowan (D:5)
  A water moccasin skeleton (D:4)
  A howler monkey (D:4)
  2 electric eels (D:6)
  3 jellies
  3 centaur zombies
  A bullfrog zombie (D:5)
  An orc priest (D:6)
  3 hounds
  3 centaur skeletons
  A bullfrog skeleton (D:5)
  3 iguanas
  3 orc wizards (D:5)
  6 gnolls
  3 adders
  A howler monkey skeleton (D:7)
  2 shadow imps
  2 ufetubi
  An adder skeleton (D:4)
  3 worms
  4 dart slugs
  27 orcs
  11 endoplasms
  2 giant cockroaches
  3 goblins
  10 hobgoblins
  4 jackals (D:4)
  2 quokkas
  10 ball pythons
  7 bats
  6 frilled lizards
  7 kobolds
  4 rats
160 creatures vanquished.

Vanquished Creatures (others)
  5 plants (D:6)
5 creatures vanquished.

Grand Total: 165 creatures vanquished

Notes
Turn   | Place    | Note
-------+----------+-------------------------------------------
     0 | D:1      | Destapler the Minotaur Fighter began the quest for the Orb.
     0 | D:1      | Reached XP level 1. HP: 19/19 MP: 0/0
    83 | D:1      | Reached skill level 4 in Fighting
   127 | D:1      | Reached XP level 2. HP: 26/28 MP: 1/1
   610 | D:1      | Found a faded altar of an unknown god.
   627 | D:1      | Became a worshipper of Cheibriados the Contemplative
   627 | D:1      | Reached * piety under Cheibriados
   631 | D:1      | Reached skill level 5 in Fighting
   986 | D:2      | Reached XP level 3. HP: 36/36 MP: 2/2
  1508 | D:2      | Reached skill level 1 in Dodging
  1708 | D:3      | Reached XP level 4. HP: 42/42 MP: 3/3
  1710 | D:3      | Noticed Grinder
  1715 | D:3      | Killed Grinder
  1716 | D:3      | Reached skill level 1 in Throwing
  1716 | D:3      | Reached skill level 1 in Stealth
  1716 | D:3      | Reached skill level 1 in Invocations
  1716 | D:3      | Reached XP level 5. HP: 31/48 MP: 3/5
  1716 | D:3      | Reached XP level 6. HP: 36/56 MP: 3/6
  1741 | D:3      | Noticed a water moccasin
  1752 | D:3      | Killed a water moccasin
  2171 | D:3      | Reached ** piety under Cheibriados
  2718 | D:3      | Found Yxyo's Jewellery Emporium.
  3044 | D:3      | Reached XP level 7. HP: 62/62 MP: 3/7
  3267 | D:4      | Found a blossoming altar of Fedhas.
  3484 | D:4      | Found a shimmering blue altar of Sif Muna.
  3493 | D:4      | Reached *** piety under Cheibriados
  3678 | D:5      | Entered Level 5 of the Dungeon
  3711 | D:5      | Reached skill level 6 in Fighting
  3828 | D:5      | Reached skill level 5 in Shields
  3950 | D:5      | Noticed Dowan
  3950 | D:5      | Noticed Duvessa
  3972 | D:5      | Killed Duvessa
  3973 | D:5      | Reached skill level 5 in Armour
  3977 | D:5      | Killed Dowan
  3978 | D:5      | Reached XP level 8. HP: 33/71 MP: 7/9
  4175 | D:5      | Found a burning altar of Makhleb.
  4536 | D:5      | Found an opulent altar of Gozag.
  4708 | D:5      | Found a transporter.
  4919 | D:5      | Found Ufupn's Jewellery Shoppe.
  4922 | D:5      | Found a transporter.
  4922 | D:5      | Noticed drbonez's ghost (amateur MiFi)
  4969 | D:5      | Found a sparkling altar of Nemelex Xobeh.
  4976 | D:5      | Reached skill level 5 in Long Blades
  5481 | D:5      | Reached skill level 7 in Fighting
  5758 | D:6      | Found a staircase to the Ecumenical Temple.
  5787 | Temple   | Entered the Ecumenical Temple
  6058 | Temple   | Reached **** piety under Cheibriados
  6078 | D:6      | Noticed Edmund
  6306 | Temple   | Killed Edmund
  6307 | Temple   | Reached XP level 9. HP: 79/79 MP: 9/11
  6502 | D:6      | Noticed Pikel
  6526 | D:6      | Killed Pikel
  6527 | D:6      | Reached skill level 8 in Fighting
  6527 | D:6      | Reached skill level 5 in Throwing
  6704 | D:6      | Found Odacoow's Mayhem Merchandise.
  6738 | D:6      | Found a large runed translucent door.
  6738 | D:6      | Found a large runed translucent door.
  6741 | D:6      | Noticed Eustachio
  6746 | D:6      | Reached skill level 5 in Invocations
  6751 | D:6      | Killed Eustachio
  6939 | D:6      | Noticed kalagan's ghost (novice DECj)
  7113 | D:7      | Noticed a kobold demonologist
  7116 | D:7      | Noticed a rust devil
  7117 | D:7      | Reached ***** piety under Cheibriados
  7131 | D:7      | Noticed a red devil
  7131 | D:7      | Mangled by a red devil

Illustrated notes

Levels and vault maps discovered:
D:1:      ebering_hopf_link, layout_basic,
          hellmonk_ecumenical_altar_arch_garden, minmay_misc_feat_more_columns
D:2:      layout_loops_cross
D:3:      layout_basic, serial_shops, nicolae_shop_waterfront, uniq_grinder
D:4:      minmay_general_purpose_star, layout_cave_pools, amcnicky_altar_gilded,
          mainiacjoe_overflow_alcove_1
D:5:      layout_cave_pods, grunt_gozag_statues, gammafunk_ghost_mausoleum,
          minmay_shop_enchanted_jewellery, hangedman_feature_mirror,
          uniq_duvessa
D:6:      layout_basic, minmay_temple_entry_grid, ebering_ghost_disaster_area,
          minmay_shop_mayhem, serial_bayou_ford_a, uniq_edmund, uniq_pikel,
          uniq_eustachio
D:7:      layout_gridville, chequers_decorated_corner
Temple:   eino_temple_scatter_basement

Skill      XL: |  1  2  3  4  5  6  7  8  9 |
---------------+----------------------------+-----
Fighting       | 4 5 6 7 8 |  8.0
Dodging        | 1 2 3 4 |  4.0
Long Blades    | 3 4 5 6 |  6.0
Throwing       | 1 2 4 6 |  6.0
Armour         | 4 5 6 |  6.0
Stealth        | 1 2 |  2.0
Shields        | 4 5 6 |  6.0
Invocations    | 1 2 4 5 |  5.9

Action                   |  1- 3 |  4- 6 |  7- 9 || total
-------------------------+-------+-------+-------++-------
Melee: Long sword        |    69 |    34 |   156 ||   259
       Headbutt          |    14 |    14 |    75 ||   103
       Flail             |       |       |    61 ||    61
Throw: Boomerang         |    30 |     8 |    31 ||    69
       Dart              |       |    31 |    33 ||    64
Invok: Bend Time         |       |     2 |     3 ||     5
       Slouch            |       |       |     1 ||     1
  Use: Potion            |       |     1 |     7 ||     8
       Scroll            |       |       |     1 ||     1
Armor: Scale mail        |    25 |    16 |    94 ||   135
Dodge: Dodged            |    29 |    14 |   146 ||   189
Block: Kite shield       |     4 |       |    91 ||    95
       Buckler           |    21 |    12 |    37 ||    70
       Rpst.: Long sword |     8 |     4 |    23 ||    35
